 Dungeon Crawl Stone Soup version 0.32-a0-898-g7811c86cf0 (webtiles) character file.

Game seed: 5753308088272583401

1067 croobank the Caller (level 8, -4/51 (53) HPs)
             Began as a Human Summoner on Apr 4, 2024.
             Was an Initiate of Kikubaaqudgha.
             Killed by divine providence
             ... invoked by an orc priest
              (9 damage)
             ... on level 6 of the Dungeon.
             The game lasted 00:30:46 (6537 turns).

croobank the Caller (Human Summoner)                Turns: 6537, Time: 00:30:47

HP:   -4/51 (53)    AC:  2    Str: 10    XL:     8   Next: 28%
MP:   7/14          EV: 12    Int: 17    God:    Kikubaaqudgha [......]
Gold: 307           SH:  0    Dex: 13    Spells: 1/15 levels left

rFire   . . .        h - +4 dagger (venom)
rCold   . . .        (no shield)
rNeg    . . .        a - +0 robe
rPois   .            (no helmet)
rElec   .            (no cloak)
rCorr   .            (no gloves)
SInv    .            (no boots)
Will    .....        (no amulet)
Stlth   +++          o - ring of wizardry
HPRegen 0.28/turn    (no ring)
MPRegen 0.14/turn

%: wizardry (x1)
@: lightly drained
A: explore regen
a: Renounce Religion


You were on level 6 of the Dungeon.
You worshipped Kikubaaqudgha.
Kikubaaqudgha was noncommittal.
You visited 2 branches of the dungeon, and saw 7 of its levels.

You collected 307 gold pieces.

Inventory:

Hand Weapons
 c - a +0 mace
 d - a +0 dagger
 h - a +4 dagger of venom (weapon)
Missiles
 w - 6 poisoned darts
Armour
 a - a +0 robe (worn)
 n - a +0 ring mail
Jewellery
 o - a ring of wizardry (left hand)
 t - an amulet of faith
Wands
 f - a wand of warping (5)
Scrolls
 g - a scroll of vulnerability
 k - 2 scrolls of teleportation
 r - a scroll of noise {unknown}
 u - a scroll of enchant armour {unknown}
Potions
 b - a potion of magic
 e - a potion of enlightenment
 i - a potion of cancellation
 j - a potion of attraction
 m - a potion of lignification {unknown}
 p - a potion of mutation {unknown}
 q - a potion of berserk rage
 s - 2 potions of curing {unknown}
 v - a potion of haste {unknown}


   Skills:
 + Level 0.8 Fighting
 + Level 4.6 Dodging
 + Level 5.0 Stealth
 + Level 4.2 Spellcasting
 + Level 5.8 Summonings
 * Level 3.4 Fire Magic
 + Level 0.8 Air Magic


You had one spell level left.
You knew the following spells:

 Your Spells              Type           Power      Damage    Failure   Level
a - Summon Small Mammal   Summ           92%        N/A       1%          1
b - Call Imp              Summ           46%        N/A       1%          2
c - Call Canine Familiar  Summ           23%        N/A       1%          3
d - Summon Blazeheart Go  Fire/Summ      19%        N/A       9%          4
e - Summon Lightning Spi  Summ/Air       14%        N/A       16%         4

Your spell library contained the following spells:

 Spells                   Type           Power      Damage    Failure   Level
 Necrotise                Necr           12%        1d4       6%          1
 Inner Flame              Hex/Fire       9%         N/A       9%          3
 Frozen Ramparts          Ice            6%         1d1       19%         3
 Ozocubu's Armour         Ice            3%         N/A       19%         3
 Vampiric Draining        Necr           3%         2d6       19%         3
 Martyr's Knell           Necr/Summ      13%        N/A       19%         4
 Curse of Agony           Necr           3%         N/A       83%         5
 Irradiate                Conj/Alch      1%         3d12      83%         5
 Metabolic Englaciation   Hex/Ice        1%         N/A       83%         5
 Ignition                 Fire           7%         3d5       100%        8


Dungeon Overview and Level Annotations

Branches:
Dungeon (6/15)             Temple (1/1) D:4

Altars:
Ashenzari
Cheibriados
Dithmenos
Fedhas
Gozag
Hepliaklqana
Kikubaaqudgha
Makhleb
Okawaru
Ru
Sif Muna
Uskayaw
Wu Jian
Xom
Yredelemnul
Zin
The Shining One

Shops:
D:3 =

Annotations:
D:6 Jeremiah


Innate Abilities, Weirdness & Mutations

You regain HP and MP as you explore.


Message History

An orc comes into view. It is wielding a +0 short sword.
The orc shouts!
You hear a shout! x3
An orc comes into view. It is wielding a +0 hand axe.
An orc priest comes into view. It is wielding a +0 mace.
Jeremiah, Barachi Dreamer comes into view.
They are wielding a +2 trident of draining, wearing a +2 robe of willpower and wearing an orb of energy.
The orc priest miscasts a cantrip.
The orc hits you with a +0 short sword.
You puncture the orc!
You kill the orc!
Kikubaaqudgha accepts your kill.
Jeremiah pinches themself.
Jeremiah hops!
Jeremiah shouts, "O dreadful one, destroy my foe!"
Something smites you!
Casting: Summon Blazeheart Golem (dangerous; 9% risk of failure)
Confirm with . or Enter, or press ? or * to list all spells.
A fiery spirit appears, bound in slag iron.
Jeremiah barely misses you.
Jeremiah hits you from afar with a +2 trident of draining!
You feel drained. The orc attacks as it pursues you!
The orc hits you with a +0 hand axe!
Jeremiah mumbles a slurred invocation.
Something smites you!
* * * LOW HITPOINT WARNING * * *
The orc hits your blazeheart golem but does no damage.
Casting: Summon Blazeheart Golem (dangerous; 9% risk of failure)
Confirm with . or Enter, or press ? or * to list all spells.
An electric hum fills the air.
Your blazeheart golem's core grows cold and it stops moving.
The butterfly disappears in a burst of colours!
The orc hits you with a +0 hand axe.
* * * LOW HITPOINT WARNING * * *
The orc hits your blazeheart golem with a +0 hand axe.
Blink to where?
Press: ? - help, Dir - move target
As you read the scroll of blinking, it crumbles to dust.
The orc priest invokes the aid of Beogh against you.
Beogh smites you!
You die...
Kikubaaqudgha rasps: You have failed me!
Welcome... death!

### #.# ### ### ###
#.###.# ##.##### #.##
#.##<## #......#####
##..###...##
#....##...####.##.....##
#..#.......##@#####...#
#..#Io........### #####
#..ยง............##
#...b.o##........##
#9................#
#bbb..............#
...Fb.)#####.........#
#...bb## #.........#
###b..# ##........#


You could see an orc priest.

Vanquished Creatures
  Grinder (D:4)
  A black bear (D:4)
  A kobold brigand (D:4)
  A nameless horror (D:4)
  A howler monkey (D:4)
  A bombardier beetle (D:4)
  An iguana (D:5)
  5 adders
  A ribbon worm (D:2)
  A dart slug (D:2)
  5 orcs
  2 bats
  3 endoplasms
  2 giant cockroaches (D:3)
  7 goblins
  4 hobgoblins
  9 jackals
  10 kobolds
  5 quokkas
  7 ball pythons
  4 frilled lizards
  2 rats (D:2)
74 creatures vanquished.

Vanquished Creatures (collateral kills)
  Menkaure (D:4)
  An ogre (D:5)
  A bombardier beetle (D:5)
  A hound (D:3)
  A jelly (D:6)
  A sleepcap (D:4)
  2 orc wizards
  2 iguanas
  4 adders
  A ribbon worm (D:2)
  2 ball pythons
  2 endoplasms
  5 goblins
  6 hobgoblins
  A jackal (D:4)
  7 kobolds
  A quokka (D:1)
  2 bats (D:1)
  A frilled lizard (D:3)
  A rat (D:2)
43 creatures vanquished.

Vanquished Creatures (others)
  5 blazeheart cores
5 creatures vanquished.

Grand Total: 122 creatures vanquished

Notes
Turn   | Place    | Note
-------+----------+-------------------------------------------
     0 | D:1      | croobank the Human Summoner began the quest for the Orb.
     0 | D:1      | Reached XP level 1. HP: 13/13 MP: 3/3
    61 | D:1      | Reached XP level 2. HP: 19/19 MP: 3/5
    64 | D:1      | Learned a level 2 spell: Call Imp
   788 | D:1      | Reached XP level 3. HP: 19/24 MP: 6/6
  1614 | D:2      | Learned a level 3 spell: Call Canine Familiar
  1665 | D:2      | Reached XP level 4. HP: 12/30 MP: 1/7
  2354 | D:3      | Found a shadowy altar of Dithmenos.
  2410 | D:3      | Found a faded altar of an unknown god.
  2467 | D:3      | Reached XP level 5. HP: 22/35 MP: 2/9
  2646 | D:3      | Found an iron altar of Okawaru.
  2995 | D:3      | Found Hegulipij's Jewellery Emporium.
  3101 | D:3      | Found a sacrificial altar of Ru.
  3405 | D:4      | Noticed Menkaure
  3665 | D:4      | Killed Menkaure
  3666 | D:4      | Reached skill level 5 in Summonings
  3666 | D:4      | Reached XP level 6. HP: 14/41 MP: 3/11
  3673 | D:4      | Learned a level 4 spell: Summon Blazeheart Golem
  4028 | D:4      | Reached skill level 1 in Fire Magic
  4036 | D:4      | Reached XP level 7. HP: 10/46 MP: 9/12
  4625 | D:4      | Found a staircase to the Ecumenical Temple.
  4671 | D:4      | Noticed Grinder
  4672 | D:4      | Paralysed by Grinder for 3 turns
  4681 | Temple   | Entered the Ecumenical Temple
  5063 | Temple   | Became a worshipper of Kikubaaqudgha
  5104 | D:4      | Killed Grinder
  5105 | D:4      | Reached XP level 8. HP: 40/52 MP: 8/14
  5253 | D:4      | Learned a level 4 spell: Summon Lightning Spire
  5541 | D:5      | Entered Level 5 of the Dungeon
  5911 | D:5      | Found a burning altar of Makhleb.
  6487 | D:6      | Reached skill level 5 in Stealth
  6525 | D:6      | Noticed Jeremiah
  6537 | D:6      | Killed from afar by an orc priest

Illustrated notes

Levels and vault maps discovered:
D:1:      sevenhm_arrival_forest_fort_small_4, layout_basic,
          chequers_serial_rivers_large_a
D:2:      layout_basic, serial_aquarium, aquarium_bridge_straight
          [aquarium_subvault_bridge, aquarium_subvault_window,
          aquarium_subvault_bridge, aquarium_subvault_window],
          aquarium_window_1, aquarium_window_corridor_2, aquarium_window_1,
          aquarium_window_double, aquarium_view_2c, aquarium_view_2d,
          aquarium_pool_1, minmay_unequal
D:3:      layout_basic, amcnicky_altar_gilded, mainiacjoe_overflow_24_doors,
          nicolae_ru_great_annihilating_truth,
          shapermc_ecumenical_altar_mp_highgroup, serial_shops, shop_fountains
D:4:      cheibrodos_thug_alley, layout_basic, minmay_temple_entry_sparse_star,
          uniq_menkaure, uniq_grinder
D:5:      layout_basic, mainiacjoe_overflow_alcove_1
D:6:      layout_layer_cave, nicolae_overflow_squiral, uniq_jeremiah
Temple:   nicolae_temple_ecumenical_triangle

Skill      XL: |  1  2  3  4  5  6  7  8 |
---------------+-------------------------+-----
Stealth        | 3 4 5 |  5.0
Dodging        | 3 4 |  4.6
Spellcasting   | 3 4 |  4.2
Summonings     | 5 |  5.8
Fire Magic     | 1 3 |  3.4
Fighting       | |  0.8
Air Magic      | |  0.8

Action                     |  1- 3 |  4- 6 |  7- 9 || total
---------------------------+-------+-------+-------++-------
  Melee: Mace              |    14 |       |       ||    14
         Unarmed           |     1 |       |       ||     1
         Dagger            |    45 |    91 |    21 ||   157
   Cast: Summon Small Mamm |    18 |    15 |     4 ||    37
         Call Imp          |     7 |    11 |     3 ||    21
         Call Canine Famil |     1 |     7 |     2 ||    10
         Summon Blazeheart |       |       |    10 ||    10
         Summon Lightning  |       |       |     1 ||     1
  Evoke: Wand              |       |       |     1 ||     1
    Use: Scroll            |       |     7 |     5 ||    12
   Stab: Sleeping          |     8 |     7 |     2 ||    17
         Paralysed         |       |     1 |       ||     1
 Armour: Robe              |    32 |    64 |    33 ||   129
  Dodge: Dodged            |    40 |    74 |    32 ||   146

Table legend: (Time is in decaauts)
 A = Elapsed time spent in this place.
 B = Non-inter-level travel time spent in this place.
 C = Inter-level travel time spent in this place.
 D = Time resting spent in this place.
 E = Time spent auto-exploring this place.
 F = Levels seen in this place.
 G = Mean time per level.
                   A        B        C        D        E       F      G
               +--------+--------+--------+--------+--------+-----+--------+
         Total |   6552 |   6428 |    124 |   1915 |   3429 |   7 |  936.0 |
       Dungeon |   6156 |   6032 |    124 |   1548 |   3429 |   6 | 1026.0 |
        Temple |    396 |    396 |      0 |    367 |      0 |   1 |  396.0 |
               +--------+--------+--------+--------+--------+-----+--------+

Top non-repeatable levels by time:
     D:4: 1766 daAuts
     D:1: 1210 daAuts
     D:2: 1146 daAuts
     D:3: 1036 daAuts
     D:5: 925 daAuts
  Temple: 396 daAuts
     D:6: 69 daAuts
